 Dungeon Crawl Stone Soup version 0.15-a0-2393-g54a05ab (webtiles) character file.

119 Econoterrorist the Cudgeler (level 5, -11/32 HPs)
             Began as a Gargoyle Fighter on Aug 2, 2014.
             Killed by divine providence
             ... invoked by an orc priest
              (16 damage)
             ... on Level 3 of the Dungeon.
             The game lasted 00:06:11 (2059 turns).

Econoterrorist the Cudgeler (Gargoyle Fighter)      Turns: 2059, Time: 00:06:11

HP -11/32        AC 16     Str 19      XL: 5   Next:  3%
MP   5/5         EV  3     Int 14      God:
Gold 92          SH  9     Dex  9      Spells:  0 memorised,  4 levels left

rFire  . . .     SeeInvis .     a - +0 flail
rCold  . . .     Clarity  .     m - +0 plate armour
rNeg   + . .     rCorr    .     c - +0 shield
rPois  +         rRot     +     (no helmet)
rElec  +         Spirit   .     (no cloak)
SustAb .         Warding  .     g - +0 pair of gloves
rMut   .         Stasis   .     (no boots)
Gourm  .                        (no amulet)
MR     .....                    l - +2 ring of intelligence
                                h - +2 ring of intelligence

@: not resistant to hostile enchantments, extremely unstealthy
A: negative energy resistance 1, electricity resistance, unbreathing,
petrification resistance, rot immunity, AC +4
a: no special abilities


You were on level 3 of the Dungeon.
You were not hungry.

You visited 1 branch of the dungeon, and saw 3 of its levels.

You collected 92 gold pieces.

Inventory:

Hand weapons
 a - a +0 flail (weapon)
Armour
 c - a +0 shield (worn)
 g - a +0 pair of gloves (worn)
 m - a +0 plate armour (worn)
Comestibles
 d - 2 bread rations
Scrolls
 b - a scroll of identify {unknown}
 i - 2 scrolls of amnesia {unknown}
 j - a scroll of fear {unknown}
 k - 4 scrolls of teleportation
 n - 3 scrolls of enchant armour {unknown}
 q - a scroll of recharging {unknown}
Jewellery
 h - a +2 ring of intelligence (left hand)
 l - a +2 ring of intelligence (right hand)
Potions
 e - 2 potions of might
 f - a potion of porridge
 o - a potion of heal wounds {unknown}
Magical staves
 p - an uncursed staff of earth


   Skills:
 - Level 3.2 Fighting
 + Level 5.0 Maces & Flails
 - Level 3.2 Armour
 - Level 3.2 Shields


You had 4 spell levels left.
You didn't know any spells.

Dungeon Overview and Level Annotations

Branches:
Dungeon (3/15)

Altars:
Nemelex Xobeh
Zin


Innate Abilities, Weirdness & Mutations

You are resistant to torment.
You are immune to poison.
Your stone body is very resilient (AC +4).
You resist negative energy.
You are resistant to electric shocks.
You can survive without breathing.
You are immune to petrification.
You are immune to rotting.


Message History

An orc comes into view.
Your plate armour prevents you from hitting the kobold.
The orc shouts!
The kobold hits you but does no damage.
An orc priest comes into view. It is wielding a morningstar.
The kobold hits you but does no damage. The kobold hits you but does no damage.
The orc hits you but does no damage. The kobold hits you but does no damage.
The orc priest shouts!
The orc priest mumbles some strange prayers to Beogh against you.
Something smites you!
The orc priest mumbles some strange prayers to Beogh against you.
Something smites you!
* * * LOW HITPOINT WARNING * * *
There is an escape hatch in the ceiling here.
You block the kobold's attack. The orc hits you but does no damage.
The orc priest calls down the wrath of Beogh upon you.
Something smites you!
Ouch! That really hurt!
You die...

. #.### . ..#.. ### #. #.#.#
..# #.. #.#.# #.# #.. #.#.#
#.########... #.#.#
...#.....#...##.#.#########
.......[........@oo.o..o...
.........#...#((#K.###...o.
.........# #..#..# .
###..##### #..#..# #..#
#####..#..# ##.##
#......#..# #
#.)####......#..####...#.
#........................
#####..#######..#..########.


You could see 2 orc priests, 2 orcs and a kobold.

Vanquished Creatures
  Jessica (D:2)
  4 adders
  2 worms
  3 giant geckos (D:3)
  An orc (D:3)
  4 bats
  6 giant cockroaches
  3 hobgoblins
  5 kobolds
  A quokka (D:2)
  3 giant newts
  10 goblins
  7 rats
50 creatures vanquished.

Notes
Turn   | Place    | Note
--------------------------------------------------------------
     0 | D:1      | Econoterrorist, the Gargoyle Fighter, began the quest for the Orb.
     0 | D:1      | Reached XP level 1. HP: 14/14 MP: 1/1
   283 | D:1      | Reached XP level 2. HP: 19/19 MP: 2/2
   667 | D:2      | Found a glowing silver altar of Zin.
   799 | D:2      | Noticed Jessica
   836 | D:2      | Killed Jessica
   836 | D:2      | Reached XP level 3. HP: 18/23 MP: 3/3
   958 | D:2      | Reached skill level 4 in Maces & Flails
  1144 | D:2      | Found a sparkling altar of Nemelex Xobeh.
  1165 | D:2      | Reached XP level 4. HP: 20/28 MP: 4/4
  2047 | D:3      | Reached skill level 5 in Maces & Flails
  2047 | D:3      | Reached XP level 5. HP: 28/32 MP: 5/5
  2059 | D:3      | Killed from afar by an orc priest

Action                   |  1- 3 |  4- 6 || total
-------------------------+-------+-------++-------
Melee: Flail             |   102 |   106 ||   208
  Use: Scroll            |       |     1 ||     1
  Eat: Chunk             |       |     4 ||     4
